 Dungeon Crawl Stone Soup version 0.20-a0-901-g27f6fa8 (webtiles) character file.

60 GlassEater the Skirmisher (level 4, 0/49 HPs)
             Began as an Ogre Monk on Mar 20, 2017.
             Was a Believer of Okawaru.
             Slain by a gnoll
             ... wielding a cursed -1 spear
              (3 damage)
             ... on level 3 of the Dungeon.
             The game lasted 00:04:04 (1327 turns).

GlassEater the Skirmisher (Ogre Monk)               Turns: 1327, Time: 00:04:05

Health: 0/49       AC:  3    Str: 15    XL:     4   Next: 4%
Magic:  2/4        EV: 11    Int: 11    God:    Okawaru [**....]
Gold:   48         SH:  0    Dex: 12    Spells: 3/3 levels left

rFire    . . .     SeeInvis .   a - +0 mace
rCold    . . .     Gourm    .   b - +0 robe
rNeg     . . .     Faith    .   (no shield)
rPois    .         Spirit   .   (helmet restricted)
rElec    .         Reflect  .   (no cloak)
rCorr    .         Harm     .   (gloves unavailable)
MR       .....                  (boots unavailable)
Stlth    ++........             (no amulet)
Regen    0.2/turn               (no ring)
MPRegen  0.1/turn               (no ring)

@: no status effects
A: unfitting armour, tough skin 1
a: Heroism, Renounce Religion


You were on level 3 of the Dungeon.
You worshipped Okawaru.
Okawaru was pleased with you.
You were not hungry.

You visited 1 branch of the dungeon, and saw 3 of its levels.

You collected 48 gold pieces.

Inventory:

Hand Weapons
 a - a +0 mace (weapon)
Armour
 b - a +0 robe (worn)
Scrolls
 g - 2 scrolls of remove curse {unknown}
 i - 3 scrolls of identify {unknown}
 l - a scroll of teleportation {unknown}
 m - a scroll of amnesia {unknown}
 n - a scroll of immolation {unknown}
Potions
 e - a potion of invisibility {unknown}
 f - 2 potions of brilliance {unknown}
 k - a potion of curing {unknown}
Comestibles
 c - 2 bread rations
 d - 4 chunks of flesh
 h - 4 fruits
 j - 2 meat rations


   Skills:
 - Level 4.5 Fighting
 - Level 3.1 Maces & Flails
 + Level 1.6 Throwing
 - Level 3.2 Dodging
 - Level 1.4 Stealth


You had 3 spell levels left.
You didn't know any spells.

Dungeon Overview and Level Annotations

Branches:
Dungeon (3/15)

Altars:
Okawaru


Innate Abilities, Weirdness & Mutations

You are too large for most types of armour.
You have tough skin. (AC +1)


Message History

The gnoll is heavily wounded.
You feel like a meek peon again. The gnoll closely misses you.
The gnoll hits you with an enchanted spear!
* * * LOW HITPOINT WARNING * * *
You hit the gnoll.
The gnoll is severely wounded.
The gnoll barely misses you.
The gnoll hits you with an enchanted spear.
* * * LOW HITPOINT WARNING * * *
You barely miss the gnoll.
The gnoll is severely wounded.
The gnoll closely misses you. The gnoll hits you but does no damage.
The gnoll hits you with an enchanted spear.
* * * LOW HITPOINT WARNING * * *
You hit the gnoll but do no damage.
The gnoll is severely wounded.
The gnoll barely misses you.
The gnoll hits you with an enchanted spear.
You die...

########### #..
#.........# #.#
####.###.....# #.#
.........##..# #.#
.........#.).# #.#
........>#.#.# #g#
........##.#.# #g#
.[......##.#.# #@#
........##.#.###.#
........##.#.....#
........##.#######
........##..
............
........####
.##.........
.##.########


You could see 2 gnolls.

Vanquished Creatures
  A gnoll (D:3)
  An ooze (D:1)
  3 leopard geckos (D:1)
  3 giant cockroaches (D:1)
  7 goblins
  4 hobgoblins
  2 jackals (D:1)
  2 ball pythons
  7 bats
  5 frilled lizards
  3 kobolds
  8 rats
46 creatures vanquished.

Notes
Turn   | Place    | Note
-------+----------+-------------------------------------------
     0 | D:1      | GlassEater the Ogre Monk began the quest for the Orb.
     0 | D:1      | Reached XP level 1. HP: 24/24 MP: 1/1
    69 | D:1      | Reached XP level 2. HP: 15/32 MP: 2/2
   548 | D:1      | Reached XP level 3. HP: 37/40 MP: 3/3
   884 | D:2      | Found an iron altar of Okawaru.
   891 | D:2      | Became a worshipper of Warmaster Okawaru
   891 | D:2      | Reached * piety under Okawaru
   891 | D:2      | Reached ** piety under Okawaru
  1213 | D:2      | Reached skill level 1 in Throwing
  1319 | D:3      | Reached XP level 4. HP: 32/49 MP: 1/4
  1327 | D:3      | Slain by a gnoll

Vault maps used:
D:1:      minmay_arrival_up_and_down, minmay_domino_2
D:2:      okawaru_metal_pillars_1_2
D:3:      kennysheep_big_flooded_room,
          nicolae_gozag_cash_rules_everything_around_me, uniq_jessica

Skill      XL: |  1  2  3 |
---------------+----------+-----
Dodging        | 3 |  3.2
Maces & Flails | 3 |  3.1
Throwing       | 1 |  1.6
Fighting       | |  4.5
Stealth        | |  1.4

Action                   |  1- 3 |  4- 6 || total
-------------------------+-------+-------++-------
Melee: Mace              |   128 |     7 ||   135
Invok: Heroism           |     1 |       ||     1
 Stab: Sleeping          |     3 |       ||     3
       Distracted        |     1 |       ||     1
  Eat: Chunk             |     2 |       ||     2
Armor: Robe              |    65 |     1 ||    66
Dodge: Dodged            |   116 |     9 ||   125
